 Dungeon Crawl Stone Soup version 0.32-a0-702-gc29ba85809 (webtiles) character file.

Game seed: 16323137339531562787

14 Nattfarinn the Magician (level 2, 0/24 HPs)
             Began as a Mountain Dwarf Hedge Wizard on Mar 14, 2024.
             Slain by a kobold
             ... wielding a +0 dagger
              (2 damage)
             ... on level 1 of the Dungeon.
             The game lasted 00:00:57 (416 turns).

Nattfarinn the Magician (MDHW)                       Turns: 416, Time: 00:00:58

Health: 0/24       AC:  2    Str: 12    XL:     2   Next: 27%
Magic:  0/5        EV: 10    Int: 20    God:
Gold:   22         SH:  0    Dex:  9    Spells: 5/6 levels left

rFire   . . .        a - +0 dagger
rCold   . . .        (no shield)
rNeg    . . .        b - +0 robe
rPois   .            c - +0 hat
rElec   .            (no cloak)
rCorr   .            (no gloves)
SInv    +            (no boots)
Will    .....        (no amulet)
Stlth   +            e - +6 ring of intelligence
HPRegen 0.24/turn    (no ring)
MPRegen 0.09/turn

%: no passive effects
@: no status effects
A: runic magic, artefact enchanting
a: no special abilities


You were on level 1 of the Dungeon.
You visited 1 branch of the dungeon, and saw 1 of its levels.

You collected 22 gold pieces.

Inventory:

Hand Weapons
 a - a +0 dagger (weapon)
Armour
 b - a +0 robe (worn)
 c - a +0 hat (worn)
Jewellery
 e - a +6 ring of intelligence (left hand)
 h - an amulet of faith
Scrolls
 g - a scroll of immolation {unknown}
Potions
 d - a potion of magic


   Skills:
 * Level 1.7 Fighting
 + Level 1.1 Armour
 - Level 1.3 Dodging
 - Level 1.4 Stealth
 - Level 2.6 Spellcasting
 - Level 0.8 Conjurations
 - Level 1.0 Summonings
 - Level 0.7 Translocations


You had 5 spell levels left.
You knew the following spells:

 Your Spells              Type           Power      Damage    Failure   Level
a - Magic Dart            Conj           24%        1d4       11%         1

Your spell library contained the following spells:

 Spells                   Type           Power      Damage    Failure   Level
 Slow                     Hex            8%         N/A       14%         1
 Call Imp                 Summ           12%        N/A       14%         2
 Blink                    Tloc           10%        N/A       17%         2
 Cigotuvi's Dreadful Rot  Necr/Alch/Air  4%         N/A       22%         2
 Mephitic Cloud           Conj/Alch/Air  3%         N/A       36%         3


Dungeon Overview and Level Annotations

Branches:
Dungeon (1/15)

Altars:

Shops:
D:1 *


Innate Abilities, Weirdness & Mutations

Your spellcasting is much less encumbered by armour.
You can use scrolls of enchantment on lesser artefacts.


Message History

The jackal closely misses you.
You miss the jackal.
The jackal is severely wounded.
The jackal bites you.
You hit the jackal.
You kill the jackal!
You closely miss the kobold. The kobold closely misses you.
You hit the kobold but do no damage. The kobold closely misses you.
You hit the kobold but do no damage. The kobold hits you with a +0 dagger.
Casting: Magic Dart (safe; 11% risk of failure)
Confirm with . or Enter, or press ? or * to list all spells.
Aiming: Magic Dart (safe; 11% risk of failure)
Press: ? - help, Shift-Dir - straight line, f - kobold
Aim: a kobold, wielding a +0 dagger (100% to hit)
The magic dart hits the kobold.
The kobold is moderately wounded.
The kobold hits you with a +0 dagger.
* * * LOW HITPOINT WARNING * * *
Okay, then.
Casting: Magic Dart (safe; 11% risk of failure)
Confirm with . or Enter, or press ? or * to list all spells.
Aiming: Magic Dart (safe; 11% risk of failure)
Press: ? - help, Shift-Dir - straight line, f/p - kobold
Aim: a kobold, wielding a +0 dagger (moderately wounded, 100% to hit)
The magic dart hits the kobold.
The kobold is severely wounded.
The kobold hits you but does no damage.
Casting: Magic Dart (safe; 11% risk of failure)
Confirm with . or Enter, or press ? or * to list all spells.
Aiming: Magic Dart (safe; 11% risk of failure)
Press: ? - help, Shift-Dir - straight line, f/p - kobold
Aim: a kobold, wielding a +0 dagger (severely wounded, 100% to hit)
The magic dart hits the kobold but does no damage.
The kobold is severely wounded.
The kobold hits you with a +0 dagger.
* * * LOW HITPOINT WARNING * * *
As you read the scroll labelled ETOALEACRIUS, it crumbles to dust.
You feel aware of your surroundings.
It was a scroll of revelation.
The kobold hits you with a +0 dagger.
You die...

,,,*****##*******,**,**
,,,,,,,,........).##.###
,,,,,,,,...>########.###
,,,,,,,,.............###
,,,,,,,,.......#########
,,,,,,,,,...##....######
,,,******#######J..#####
,,,* #######K#######
**** #######@####### *
#######.#######
######..#######
######.########
######.########
####......########
####....#############
###....################
#)..####


You could see an endoplasm and a kobold.

Vanquished Creatures
  A ball python (D:1)
  An endoplasm (D:1)
  A giant cockroach (D:1)
  2 goblins (D:1)
  2 jackals (D:1)
  A kobold (D:1)
  A quokka (D:1)
  2 rats (D:1)
11 creatures vanquished.

Notes
Turn   | Place    | Note
-------+----------+-------------------------------------------
     0 | D:1      | Nattfarinn the Mountain Dwarf Hedge Wizard began the quest
                  | for the Orb.
     0 | D:1      | Reached XP level 1. HP: 14/14 MP: 4/4
   123 | D:1      | Reached skill level 1 in Fighting
   212 | D:1      | Reached XP level 2. HP: 23/23 MP: 0/5
   212 | D:1      | Found Ytej's General Store.
   213 | D:1      | Found a faded altar of an unknown god.
   223 | D:1      | Reached skill level 1 in Armour
   415 | D:1      | HP: 1/24 [kobold/+0 dagger (4)]
   416 | D:1      | Slain by a kobold

Illustrated notes

Levels and vault maps discovered:
D:1:      dpeg_arrival_tiny_a, layout_rooms, ebering_ecumenical_altar_abandoned,
          serial_shops, shop, minmay_distorted

Skill      XL: |  1  2 |
---------------+-------+-----
Fighting       | 1 |  1.7
Armour         | 1 |  1.1
Dodging        | |  1.3
Stealth        | |  1.4
Spellcasting   | |  2.6
Conjurations   | |  0.8
Summonings     | |  1.0
Translocations | |  0.7

Action                     || total
---------------------------++-------
  Melee: Dagger            ||    40
   Cast: Magic Dart        ||    24
    Use: Scroll            ||     1
 Armour: Robe              ||    40
  Dodge: Dodged            ||    31

Table legend: (Time is in decaauts)
 A = Elapsed time spent in this place.
 B = Non-inter-level travel time spent in this place.
 C = Inter-level travel time spent in this place.
 D = Time resting spent in this place.
 E = Time spent auto-exploring this place.
 F = Levels seen in this place.
 G = Mean time per level.
                   A        B        C        D        E       F      G
               +--------+--------+--------+--------+--------+-----+--------+
         Total |    415 |    415 |      0 |      0 |    320 |   1 |  415.0 |
       Dungeon |    415 |    415 |      0 |      0 |    320 |   1 |  415.0 |
               +--------+--------+--------+--------+--------+-----+--------+

Top non-repeatable levels by time:
     D:1: 415 daAuts
